 Dungeon Crawl Stone Soup version 0.29.1-15-g9cfb28693d (webtiles) character file.

Game seed: 6001809953316951237

107 croobank the Insei (level 4, -3/29 HPs)
             Began as an Octopode Transmuter on Mar 8, 2023.
             Killed by divine providence
             ... invoked by an orc priest
              (14 damage)
             ... on level 3 of the Dungeon.
             The game lasted 00:04:24 (2758 turns).

croobank the Insei (Octopode Transmuter)            Turns: 2758, Time: 00:04:25

Health: -3/29      AC:  1    Str:  9    XL:     4   Next: 86%
Magic:  6/8        EV: 13    Int: 17    God:
Gold:   97         SH:  0    Dex: 12    Spells: 5/8 levels left

rFire   . . .      SeeInvis +     - Unarmed
rCold   . . .      Faith    .   (no shield)
rNeg    . . .      Spirit   .   (helmet currently unavailable)
rPois   .          Reflect  .   (no amulet)
rElec   .          Harm     .   m - ring of see invisible
rCorr   .          Rampage  .   (no ring)
Will    .....                   (no ring)
Stlth   ++........              (no ring)
HPRegen 0.09/turn               (no ring)
MPRegen 0.11/turn               (no ring)
                                (no ring)
                                (no ring)

@: appendages (expiring)
A: tentacle spike 3, almost no armour, amphibious, 8 rings, camouflage 1,
gelatinous body 1, (nimble swimmer 1), tentacles
a: End Transformation


You were on level 3 of the Dungeon.
One of your tentacles had grown a beastly spike.
You visited 1 branch of the dungeon, and saw 3 of its levels.

You collected 97 gold pieces.

Inventory:

Hand Weapons
 o - a +0 hand axe
Magical Staves
 i - a staff of air
Jewellery
 m - a ring of see invisible (left tentacle)
Wands
 k - a wand of digging (7)
Scrolls
 c - a scroll of vulnerability {unknown}
 d - 2 scrolls of poison {unknown}
 e - 4 scrolls of identify {unknown}
 f - a scroll of immolation
 h - a scroll of noise {unknown}
 j - 2 scrolls of teleportation {unknown}
 l - a scroll of butterflies {unknown}
 n - a scroll of amnesia {unknown}
 p - a scroll of fear {unknown}
Potions
 a - a potion of lignification


   Skills:
 + Level 2.1 Fighting
 + Level 2.7 Dodging
 + Level 3.5 Unarmed Combat
 + Level 2.6 Spellcasting
 + Level 2.7 Transmutations


You had 5 spell levels left.
You knew the following spells:

 Your Spells              Type           Power      Damage    Failure   Level
a - Beastly Appendage     Tmut           22%        N/A       6%          1
b - Wereblood             Tmut           11%        N/A       9%          2

Your spell library contained the following spells:

 Spells                   Type           Power      Damage    Failure   Level
 Spider Form              Tmut/Pois      6%         N/A       30%         3
 Gell's Gravitas          Tloc           2%         N/A       50%         3
 Teleport Other           Tloc           2%         N/A       50%         3
 Ice Form                 Ice/Tmut       6%         N/A       71%         4
 Dispersal                Tloc           1%         N/A       100%        6


Dungeon Overview and Level Annotations

Branches:
Dungeon (3/15)

Altars:

Annotations:
D:3 1 runed translucent door, Crazy Yiuf


Innate Abilities, Weirdness & Mutations

One of your tentacles has grown a beastly spike.
You cannot wear most types of armour.
You are amphibious.
You can wear up to eight rings at the same time.
Your skin changes colour to match your surroundings (Stealth+).
Your rubbery body absorbs attacks. (AC +1, EV +1)
((You are camouflaged when in or above water. (Stealth+)))
You have tentacles for arms and can constrict up to eight enemies at once.


Message History

You kill the orc!
No target in view!
No target in view!
You hear a shout!
An orc priest is nearby!
An orc comes into view. It is wielding a +3 war axe.
Your primal bloodlust is almost over.
The orc priest invokes the aid of Beogh against you.
Pain shoots through your body!
The orc moves out of view.
Things that are here:
a +0 flail; an orc corpse The orc priest hits you with a +0 hand axe.
You are too injured to fight recklessly!
You are too injured to fight recklessly!
You are too injured to fight recklessly!
You tentacle-slap the orc priest but do no damage.
Your grab misses the orc priest. You squeeze the orc priest.
The orc priest is lightly wounded.
Your transformation is almost over.
The orc priest mumbles some strange prayers to Beogh against you.
Beogh smites you!
* * * LOW HITPOINT WARNING * * *
Okay, then.
It was a potion of mutation.
You feel extremely strange.
You howl as the wereblood boils in your veins!
The orc priest looks satisfied for a moment.
It was a potion of curing.
You feel better.
The orc priest calls down the wrath of Beogh upon you.
Pain shoots through your body!
* * * LOW HITPOINT WARNING * * *
You feel better. The orc attacks as you move away!
The orc hits you with a +3 war axe!
* * * LOW HITPOINT WARNING * * *
Your primal bloodlust has ended.
Things that are here:
a +0 flail; an orc corpse You feel better.
The orc priest invokes the aid of Beogh against you.
Beogh smites you!
You die...

## .. # #. #. ##. #..
..# .##
##...###########.# ..#
#....oo@)$..#....###..
#...#.####.....##....#
#.. ... #..###..#.#..#
. #.... #.## ##...#..#
#...# ... #......###
#... ..## ###.......
#...#.# ##......
....#. #..##.# .
##..##.#


You could see an orc priest and an orc.

Vanquished Creatures
  Jessica (D:3)
  2 adders (D:2)
  2 worms (D:2)
  A dart slug (D:1)
  2 orcs (D:3)
  A ball python (D:2)
  6 endoplasms
  A giant cockroach (D:2)
  6 goblins (D:1)
  8 hobgoblins
  5 kobolds
  3 quokkas (D:1)
  4 bats
  3 frilled lizards
  6 rats
51 creatures vanquished.

Notes
Turn   | Place    | Note
-------+----------+-------------------------------------------
     0 | D:1      | croobank the Octopode Transmuter began the quest for the
                  | Orb.
     0 | D:1      | Reached XP level 1. HP: 13/13 MP: 3/3
   358 | D:1      | Reached XP level 2. HP: 18/18 MP: 1/5
   883 | D:1      | Learned a level 2 spell: Wereblood
   910 | D:1      | Found a faded altar of an unknown god.
  1023 | D:1      | Reached XP level 3. HP: 23/23 MP: 1/6
  1956 | D:2      | Reached XP level 4. HP: 29/29 MP: 3/7
  2483 | D:3      | Found a runed translucent door.
  2484 | D:3      | Noticed Crazy Yiuf
  2635 | D:3      | Noticed Jessica
  2646 | D:3      | Killed Jessica
  2758 | D:3      | Killed from afar by an orc priest

Illustrated notes

Levels and vault maps discovered:
D:1:      zelgadis_glass_arrival_small, layout_loops_ring,
          hellmonk_ecumenical_altar_blasted
D:2:      layout_rooms
D:3:      layout_loops_ring, nemelex_dance_club_becter, serial_co_window_serial,
          co_window_of_opportunity_a, co_window_of_opportunity_a,
          co_window_corner_a, co_window_corner_a, co_window_paths_a,
          co_window_2corner, co_window_corner_ca, co_window_broadway_b,
          co_window_corner_b, co_window_unsneaky_path_d, co_window_broadway_b,
          co_window_2corner, co_window_4corner_a, glass_columns_c,
          glass_columns_a, uniq_jessica, uniq_crazy_yiuf_cottage, uniq_terence

Skill      XL: |  1  2  3  4 |
---------------+-------------+-----
Fighting       | 2 |  2.1
Dodging        | |  2.7
Unarmed Combat | |  3.5
Spellcasting   | |  2.6
Transmutations | |  2.7

Action                   |  1- 3 |  4- 6 || total
-------------------------+-------+-------++-------
Melee: Unarmed           |    72 |    27 ||    99
       Constrict         |    19 |     7 ||    26
       Kick              |    21 |     4 ||    25
       Tentacles         |    14 |     4 ||    18
       Punch             |     3 |     1 ||     4
 Cast: Beastly Appendage |    25 |     9 ||    34
       Wereblood         |    13 |     8 ||    21
  Use: Potion            |       |     4 ||     4
 Stab: Sleeping          |     2 |     2 ||     4
Armor: Skin              |     8 |     2 ||    10
Dodge: Dodged            |    38 |    12 ||    50
